Cogmind - Beta 11.1 --- EXPLORER MODE // 2022.06.30 @ 16:27:04 // Winter2019/RPGLIKE Player: Grimbling Result: Destroyed by as-38286 with Assembled Focal Cannon Performance ------------- Evolutions (3) 1500 Regions Visited (14) 2800 Robots Destroyed (172) 860 Value Destroyed (5892) 5892 Prototype IDs (10) 200 Alien Tech Used (0) 0 Bonus (-751) -751 TOTAL SCORE: 10501 Bonus ------- High Alert Combat Kills 190 Follower Combat Kills 301 Entered Garrisons 200 Met Imprinter 300 Friendly Fire -1742 Cogmind --------- Core Integrity 0/800 Matter 166/500 Energy 92/100 System Corruption 0% Temperature Cool (5) Movement Walking (112) Location -7/Deep Caves Parts ------- > --- POWER (3) -------- Zionite Light DM Reactor Zionite Light DM Reactor Zionite Light DM Reactor > --- PROPULSION (5) --- Flexi-carbon Leg Zionite Composite Leg I Zionite Composite Leg I Zionite Composite Leg I Biometal Leg > --- UTILITY (8) ------ High-capacity Matter Pod Makeshift Salvage Targeting Computer Kinecellerator Hardlight Generator Long-range Tractor Beam > --- WEAPON (2) ------- Gauss Cannon Gauss Cannon > --- INVENTORY (3) ---- CR-A16's Pointy Stick GAL Module Peak State ------------ > --- POWER ------------ Zionite Light DM Reactor Zionite Light DM Reactor Zionite Light DM Reactor > --- PROPULSION ------- Flexi-carbon Leg Zionite Composite Leg I Zionite Composite Leg I Zionite Composite Leg I Biometal Leg > --- UTILITY ---------- High-capacity Matter Pod Surveybot 24 Scanner Makeshift Salvage Targeting Computer Kinecellerator Zionite Heavy Carapace Hardlight Generator Long-range Tractor Beam > --- WEAPON ----------- Gauss Cannon CR-A16's Pointy Stick > --- INVENTORY -------- Protomatter Gauss Cannon GAL Module [Rating: 99] Favorites ----------- Power Light Nuclear Core Engine Light Deuterium Engine Power Core Light Nuclear Core Reactor Zionite Light DM Reactor Propulsion Carbon-fiber Leg Treads Medium Treads Leg Carbon-fiber Leg Utility Improved Terrain Scanner Device Improved Terrain Scanner Storage High-capacity Matter Pod Processor Advanced Targeting Computer Protection Hardened Medium Armor Plating Weapon Improved Light Cannon Energy Cannon Beam Cannon Ballistic Gun Light Assault Rifle Ballistic Cannon Improved Light Cannon Piercing Weapon CR-A16's Pointy Stick Build | -11 -10 -10 -9 -9 -9 -8 -8 -8 -8 -7 -7 -7 -7 -7 ------- Run | Scr Mat Min Mat Min Exi Min Mat Gar Mat Fac Low Low Zio Dee Slots Evolved 14 | 4 . 1 2 . . . 5 . . 1 1 . . . Power 2 | . . . . . . . 2 . . . . . . . Propulsion 4 | 1 . 1 1 . . . . . . . 1 . . . Utility 7 | 2 . . 1 . . . 3 . . 1 . . . . Weapon 1 | 1 . . . . . . . . . . . . . . Parts Attached 97 | 8 5 1 7 1 . 3 13 . 6 2 2 . 33 16 Power 19 | 1 . . 1 . . 1 3 . 2 . 1 . 7 3 Engine 11 | 1 . . 1 . . 1 . . 2 . 1 . 5 . Core 5 | . . . . . . . 3 . . . . . 2 . Reactor 3 | . . . . . . . . . . . . . . 3 Propulsion 26 | 2 . . 2 1 . 2 4 . . . . . 11 4 Treads 2 | . . . . . . . . . . . . . 2 . Leg 24 | 2 . . 2 1 . 2 4 . . . . . 9 4 Wheel . | . . . . . . . . . . . . . . . Hover . | . . . . . . . . . . . . . . . Flight . | . . . . . . . . . . . . . . . Utility 34 | 3 . 1 2 . . . 6 . 4 . 1 . 11 6 Device 16 | 2 . . . . . . 3 . 2 . . . 6 3 Storage 2 | . . . . . . . . . . . . . 1 1 Processor 5 | . . . 1 . . . 2 . . . . . 2 . Hackware . | . . . . . . . . . . . . . . . Protection 11 | 1 . 1 1 . . . 1 . 2 . 1 . 2 2 Artifact . | . . . . . . . . . . . . . . . Weapon 18 | 2 5 . 2 . . . . . . 2 . . 4 3 Energy Gun . | . . . . . . . . . . . . . . . Energy Cannon 2 | . 2 . . . . . . . . . . . . . Ballistic Gun 4 | 2 2 . . . . . . . . . . . . . Ballistic Cannon 9 | . 1 . 2 . . . . . . 2 . . 2 2 Launcher . | . . . . . . . . . . . . . . . Special Weapon . | . . . . . . . . . . . . . . . Impact Weapon . | . . . . . . . . . . . . . . . Slashing Weapon . | . . . . . . . . . . . . . . . Piercing Weapon 3 | . . . . . . . . . . . . . 2 1 Special Melee Weapon . | . . . . . . . . . . . . . . . Unidentified Prototypes 7 | . . . . . . . . . . . . . 1 6 Parts Lost 2 | . . . . . . . . . . . . . . 2 Power . | . . . . . . . . . . . . . . . Propulsion . | . . . . . . . . . . . . . . . Utility 2 | . . . . . . . . . . . . . . 2 Weapon . | . . . . . . . . . . . . . . . Highest Loss Streak 2 | . . . . . . . . . . . . . . 2 To Critical Strikes . | . . . . . . . . . . . . . . . Average Slot Usage (%) 95 | . 100 88 98 100 100 100 95 93 98 100 99 94 93 95 Engine 8 | . 12 11 9 9 9 9 7 6 6 12 11 11 11 5 Core 4 | . . . . . . . 4 12 11 6 5 5 4 . Reactor 1 | . . . . . . . . . . . . . . 10 Leg 26 | . 25 22 34 36 36 36 29 25 25 25 22 22 22 27 Device 20 | . 25 22 18 18 18 18 19 18 21 25 22 22 21 21 Processor 6 | . . . . . . . 8 12 12 12 11 11 7 5 Protection 10 | . 12 11 17 18 18 18 10 6 7 6 10 11 10 7 Energy Cannon 1 | . 8 11 5 . . . . . . . . . . . Ballistic Cannon 11 | . 10 11 13 18 18 18 14 12 12 12 11 11 8 10 Naked Turns 1 | . . . . . . . . . . . . . 1 . Heaviest Build 71 | 12 17 16 27 27 27 27 37 37 47 48 56 56 70 71 Greatest Support 120 | 20 20 20 43 48 48 60 62 57 57 57 57 57 85 120 Greatest Overweight (x) 2 | . . . . . . . . . . . . . 2 . Average Overweight (x) . | . . . . . . . . . . . . . . . Largest Inventory Capacity 3 | 3 3 3 3 3 3 3 3 3 3 3 3 3 3 3 Average Capacity 2 | 2 3 3 3 3 3 3 3 3 3 3 3 3 3 3 Most Carried 3 | . 3 1 3 2 1 3 3 3 3 3 3 3 3 3 Average Carried 2 | . . 1 1 1 1 1 1 2 2 3 3 3 2 2 Final Capacity 3 | 3 3 3 3 3 3 3 3 3 3 3 3 3 3 3 Final Carried 3 | . 1 1 1 1 1 1 3 2 3 3 3 3 3 2 Class Distribution -------------------- 53% | Scavenger-Skirmisher 29% | Hacker-Skirmisher 9% | Scavenger-Assassin 6% | Generator-Skirmisher Dominant Class ---------------- Hacker-Skirmisher | -10/Materials Hacker-Skirmisher | -10/Mines Hacker-Skirmisher | -9/Materials Hacker-Skirmisher | -9/Mines Hacker-Skirmisher | -9/Exiles Hacker-Skirmisher | -8/Mines Scavenger-Skirmisher | -8/Materials Scavenger-Skirmisher | -8/Garrison Scavenger-Skirmisher | -8/Materials Scavenger-Skirmisher | -7/Factory Scavenger-Skirmisher | -7/Lower Caves Scavenger-Skirmisher | -7/Lower Caves Scavenger-Skirmisher | -7/Zion Generator-Skirmisher | -7/Deep Caves Resources | -11 -10 -10 -9 -9 -9 -8 -8 -8 -8 -7 -7 -7 -7 -7 ----------- Run | Scr Mat Min Mat Min Exi Min Mat Gar Mat Fac Low Low Zio Dee Matter Collected 5027 | 302 311 134 128 106 . 99 648 459 737 . 436 72 1034 561 Remotely 4599 | 166 211 134 128 106 . 99 628 459 706 . 436 72 893 561 Salvage Created 3733 | 110 205 177 315 116 . 135 603 350 898 . 279 45 416 84 Parts 273 | 8 28 8 15 10 . 4 41 16 71 . 10 4 49 9 Haulers Intercepted 8 | . 1 . 2 . . . 3 . 2 . . . . . Recyclers Shooed 5 | 1 . . 1 1 . . 1 . 1 . . . . . Parts Field Recycled . | . . . . . . . . . . . . . . . Retrieved Matter . | . . . . . . . . . . . . . . . Parts Self-Destructed . | . . . . . . . . . . . . . . . Prevented . | . . . . . . . . . . . . . . . Kills | -11 -10 -10 -9 -9 -9 -8 -8 -8 -8 -7 -7 -7 -7 -7 ------- Run | Scr Mat Min Mat Min Exi Min Mat Gar Mat Fac Low Low Zio Dee Combat Hostiles Destroyed 119 | . 6 10 3 8 . 2 17 19 26 . 9 3 7 9 Guns 1 | . 1 . . . . . . . . . . . . . Cannons 113 | . 1 10 2 8 . 2 17 19 26 . 9 3 7 9 AOE 4 | . 4 . . . . . . . . . . . . . Classes Destroyed 19 | 2 5 1 2 2 . . 2 . 1 . . . 3 1 Worker 6 | . 1 . . . . . 2 . 3 . . . . . Builder 4 | . . . . . . . 2 . 2 . . . . . Tunneler 2 | 2 . . . . . . . . . . . . . . Hauler 8 | . 1 . 2 . . . 3 . 2 . . . . . Recycler 4 | 1 . 1 . . . . 1 . 1 . . . . . Mechanic 1 | . 1 . . . . . . . . . . . . . Operator 1 | . . . . . . . . . 1 . . . . . Watcher 14 | . 3 . 2 . . . 4 . 5 . . . . . Swarmer 35 | . 6 7 . 3 . 1 2 6 4 . 4 2 . . Grunt 33 | . . . 2 3 . 1 6 6 13 . 2 . . . Brawler 4 | . . . . 1 . 1 . 2 . . . . . . Duelist 5 | . . . . 1 . . 2 1 . . 1 . . . Sentry 21 | . . . 1 . . . 6 3 9 . 1 1 . . Hunter 3 | . . . . . . . 1 1 . . 1 . . . Zionite 22 | . . . . . . . . . . . . . 22 . Z-Technician 2 | . . . . . . . . . . . . . . 2 Z-Light 4 | . . . . . . . . . . . . . . 4 Tinkerer 1 | . . . . . . . . . . . . . 1 . Assembled 8 | . . 3 . . . . . . . . . . . 5 Butcher 1 | . . . . . . . . . . . . . 1 . Mutant 5 | . . . . . . . . . . . . . 5 . Best Kill Streak 18 | 2 5 5 3 3 . 1 5 9 9 . 3 2 18 3 Combat Bots Only 9 | . 2 5 2 3 . 1 3 9 4 . 3 2 5 3 Max Kills in Single Turn 2 | 1 2 1 1 1 . 2 2 1 2 . 1 1 1 2 Gunslinging . | . . . . . . . . . . . . . . . Exploded 2 | . 2 . . . . . . . . . . . . . Melee . | . . . . . . . . . . . . . . . Uniques/NPCs Destroyed 1 | . . . . . . . . . . . . . 1 . Imprinter (-7/Zion) Combat | -11 -10 -10 -9 -9 -9 -8 -8 -8 -8 -7 -7 -7 -7 -7 -------- Run | Scr Mat Min Mat Min Exi Min Mat Gar Mat Fac Low Low Zio Dee Damage Taken 3270 | . 47 203 17 81 . 36 251 312 236 . 88 16 239 1744 Core 2192 | . 32 127 13 52 . 22 159 204 159 . 51 7 167 1199 Absorbed by Shields 1240 | . . . . . . . 72 350 211 . 80 46 109 372 Redirected to Core 1950 | . 24 119 13 47 . 22 149 190 142 . 50 7 159 1028 Core Remaining (%) 96 | 100 . 84 . . . 100 . . 100 . . . . . Volleys Fired 426 | 11 17 21 12 12 1 8 62 55 79 . 33 6 49 60 Largest 2 | 2 2 2 2 2 2 2 2 2 2 . 2 2 2 2 Hottest 96 | 40 91 95 95 78 78 78 78 78 78 . 96 96 96 96 Shots Fired 852 | 22 34 42 24 24 2 16 123 111 158 . 66 12 98 120 Gun 34 | 22 12 . . . . . . . . . . . . . Cannon 818 | . 22 42 24 24 2 16 123 111 158 . 66 12 98 120 Launcher . | . . . . . . . . . . . . . . . Special . | . . . . . . . . . . . . . . . Kinetic 819 | 22 29 21 17 24 2 16 123 111 158 . 66 12 98 120 Thermal 28 | . . 21 7 . . . . . . . . . . . Explosive . | . . . . . . . . . . . . . . . Electromagnetic 5 | . 5 . . . . . . . . . . . . . Robot Hit Streak 49 | 18 19 15 25 13 . 16 20 49 36 . 38 8 42 32 Robot Miss Streak 2 | 1 1 1 1 1 . 1 2 1 2 . 1 1 2 2 Penetration Max 1 | . . . . . . . . . . . . . 1 1 Secondary Targets . | . . . . . . . . . . . . . . . Shots Hit Robots 663 | 18 25 33 17 18 . 13 100 68 123 . 53 10 80 105 Core Hits 252 | 6 13 14 8 8 . 7 40 29 56 . 15 3 33 20 Critical Kills 1 | . . . 1 . . . . . . . . . . . Critical Parts Destroyed . | . . . . . . . . . . . . . . . Critical Strikes 47 | . 1 . 1 1 . 1 6 1 8 . 3 2 11 12 Meltdown 1 | . . . 1 . . . . . . . . . . . Blast 46 | . 1 . . 1 . 1 6 1 8 . 3 2 11 12 Melee Attacks 27 | . . . . . . . . . . . . . 26 1 Impact . | . . . . . . . . . . . . . . . Slashing . | . . . . . . . . . . . . . . . Piercing 27 | . . . . . . . . . . . . . 26 1 Sneak Attacks . | . . . . . . . . . . . . . . . Combat Hostiles . | . . . . . . . . . . . . . . . Follow-up Attacks . | . . . . . . . . . . . . . . . Damage Inflicted 18491 | 152 509 608 378 377 . 352 2189 1540 3176 . 1856 386 3192 3776 Guns 288 | 145 143 . . . . . . . . . . . . . Cannons 17927 | . 266 608 338 371 . 339 2189 1539 3139 . 1856 380 3192 3710 Explosions 100 | . 100 . . . . . . . . . . . . . Melee 66 | . . . . . . . . . . . . . . 66 Ramming 110 | 7 . . 40 6 . 13 . 1 37 . . 6 . . Kinetic 17676 | 145 325 258 233 371 . 339 2189 1539 3139 . 1856 380 3192 3710 Thermal 555 | . 100 350 105 . . . . . . . . . . . Explosive . | . . . . . . . . . . . . . . . Electromagnetic 84 | . 84 . . . . . . . . . . . . . Impact . | . . . . . . . . . . . . . . . Slashing . | . . . . . . . . . . . . . . . Piercing 66 | . . . . . . . . . . . . . . 66 Highest Corruption 1 | . . . . . . . 1 1 1 . . . . . Average Corruption 1 | . . . . . . . 1 1 1 . . . . . Corruption Purged . | . . . . . . . . . . . . . . . Corruption Blocked . | . . . . . . . . . . . . . . . Effects 28 | . . . . . . . 3 10 15 . . . . . Message Errors 4 | . . . . . . . 1 1 2 . . . . . Matter Fused 11 | . . . . . . . 1 2 8 . . . . . Heat Flow Errors 2 | . . . . . . . . 2 . . . . . . Energy Discharges 5 | . . . . . . . . 2 3 . . . . . Data Loss (minor) 3 | . . . . . . . . 1 2 . . . . . Misfires 1 | . . . . . . . . 1 . . . . . . Alerts 1 | . . . . . . . . 1 . . . . . . Weapon Failures 1 | . . . . . . . 1 . . . . . . . Overload Shots . | . . . . . . . . . . . . . . . Overflow Damage 847 | . 9 12 . . . 10 25 4 53 . 258 2 220 254 Projectiles 845 | . 9 12 . . . 10 25 4 53 . 258 . 220 254 Explosions . | . . . . . . . . . . . . . . . Melee 2 | . . . . . . . . . . . . 2 . . Knockbacks 144 | . 1 3 1 3 . 10 18 8 35 . 14 . 28 23 Impact 1 | . . . . . . . . . 1 . . . . . Kinetic 140 | . 1 3 1 3 . 9 18 8 32 . 14 . 28 23 Secondary 3 | . . . . . . 1 . . 2 . . . . . Self-Inflicted Damage 21 | . 14 . . . . . . 7 . . . . . . Shots 3 | . 2 . . . . . . 1 . . . . . . Rammed . | . . . . . . . . . . . . . . . Targets Rammed 17 | 1 . . 3 2 . 4 . 1 5 . . 1 . . Kicked 17 | 1 . . 3 2 . 4 . 1 5 . . 1 . . Crushed . | . . . . . . . . . . . . . . . Highest Temperature 324 | . 15 24 2 . . . 45 174 206 . . . 6 324 Average Temperature 56 | . 6 12 2 . . . 19 53 38 . . . 3 97 Received Heat Transfer 1361 | . . 80 18 36 . 9 218 222 190 . 25 . 64 499 Siege Activations . | . . . . . . . . . . . . . . . Robots Corrupted . | . . . . . . . . . . . . . . . Combat Hostiles . | . . . . . . . . . . . . . . . Parts Fried 1 | . 1 . . . . . . . . . . . . . Impact Corruptions 2 | . . . . . . . . . . . . 2 . . Robots Melted 1 | . . . 1 . . . . . . . . . . . Combat Hostiles 1 | . . . 1 . . . . . . . . . . . Parts Melted . | . . . . . . . . . . . . . . . Heat Transferred 1112 | . 150 740 222 . . . . . . . . . . . Parts Sabotaged . | . . . . . . . . . . . . . . . Parts Stolen . | . . . . . . . . . . . . . . . Parts Stripped . | . . . . . . . . . . . . . . . Power Chain Reactions 2 | . 2 . . . . . . . . . . . . . Missiles Intercepted . | . . . . . . . . . . . . . . . Alert | -11 -10 -10 -9 -9 -9 -8 -8 -8 -8 -7 -7 -7 -7 -7 ------- Run | Scr Mat Min Mat Min Exi Min Mat Gar Mat Fac Low Low Zio Dee Peak Influence 1222 | 15 71 132 193 220 . 97 262 1222 764 34 . . . . Initial 436 | . 7 12 18 4 . . . 31 436 34 . . . . Average 273 | 7 19 92 104 87 . 28 81 854 258 34 . . . . Maximum Alert Level 4 | . . . . 1 . . 1 4 3 . . . . . Low Security (%) 67 | 100 100 100 100 89 . 100 90 5 53 100 . . . . Level 1 5 | . . . . 10 . . 9 5 11 . . . . . Level 2 11 | . . . . . . . . 25 28 . . . . . Level 3 9 | . . . . . . . . 36 6 . . . . . Level 4 5 | . . . . . . . . 26 . . . . . . Level 5 . | . . . . . . . . . . . . . . . High Security . | . . . . . . . . . . . . . . . Max Security . | . . . . . . . . . . . . . . . Squads Dispatched 10 | . . . 2 . . . 2 . 5 . . 1 . . Investigation 4 | . . . . . . . 1 . 3 . . . . . Extermination . | . . . . . . . . . . . . . . . Reinforcement 5 | . . . 2 . . . 1 . 2 . . . . . Assault 1 | . . . . . . . . . . . . 1 . . Garrison . | . . . . . . . . . . . . . . . Intercept . | . . . . . . . . . . . . . . . Searches Triggered . | . . . . . . . . . . . . . . . Construction Impeded 1 | . . . 1 . . . . . . . . . . . Haulers Reinforced . | . . . . . . . . . . . . . . . Active Scanning Responses . | . . . . . . . . . . . . . . . Cargo Convoy Interrupts . | . . . . . . . . . . . . . . . Stealth | -11 -10 -10 -9 -9 -9 -8 -8 -8 -8 -7 -7 -7 -7 -7 --------- Run | Scr Mat Min Mat Min Exi Min Mat Gar Mat Fac Low Low Zio Dee Distress Signals 6 | . . . 1 . . . 3 . 2 . . . . . Communications Jammed . | . . . . . . . . . . . . . . . Distress Signals . | . . . . . . . . . . . . . . . Times Spotted 195 | . 9 29 5 8 . 4 24 19 35 . 9 8 29 16 Peak Tracking Total 17 | . 4 17 2 3 . 2 4 6 6 . 3 6 8 6 Tactical Retreats 8 | . . 2 1 . . . 3 1 1 . . . . . Traps | -11 -10 -10 -9 -9 -9 -8 -8 -8 -8 -7 -7 -7 -7 -7 ------- Run | Scr Mat Min Mat Min Exi Min Mat Gar Mat Fac Low Low Zio Dee Traps Triggered 4 | . 1 . 1 . . . . 2 . . . . . . Indirectly . | . . . . . . . . . . . . . . . Trap Hack Attempts . | . . . . . . . . . . . . . . . Triggered . | . . . . . . . . . . . . . . . Disarmed . | . . . . . . . . . . . . . . . Reprogrammed . | . . . . . . . . . . . . . . . Reused . | . . . . . . . . . . . . . . . Traps Extracted . | . . . . . . . . . . . . . . . Installed . | . . . . . . . . . . . . . . . Triggered . | . . . . . . . . . . . . . . . Machines | -11 -10 -10 -9 -9 -9 -8 -8 -8 -8 -7 -7 -7 -7 -7 ---------- Run | Scr Mat Min Mat Min Exi Min Mat Gar Mat Fac Low Low Zio Dee Machines Disabled 21 | . . 2 1 1 . 2 . 9 2 . . . 2 2 Max in Single Turn 2 | . . 1 1 1 . 1 . 2 1 . . . 1 1 Garrison Access 1 | . . . . . . . . . 1 . . . . . Garrison Relay 4 | . . . . . . . . 4 . . . . . . Phase Generator 1 | . . . . . . . . 1 . . . . . . Machines Sabotaged . | . . . . . . . . . . . . . . . Garrisons Compromised . | . . . . . . . . . . . . . . . Overloaded Fab Kills . | . . . . . . . . . . . . . . . Hacking | -11 -10 -10 -9 -9 -9 -8 -8 -8 -8 -7 -7 -7 -7 -7 --------- Run | Scr Mat Min Mat Min Exi Min Mat Gar Mat Fac Low Low Zio Dee Machines Accessed 23 | . 4 . 1 1 1 1 6 . 9 . . . . . Terminals 20 | . 4 . 1 1 . 1 5 . 8 . . . . . Fabricators . | . . . . . . . . . . . . . . . Repair Stations . | . . . . . . . . . . . . . . . Recycling Units . | . . . . . . . . . . . . . . . Scanalyzers . | . . . . . . . . . . . . . . . Garrison Access 2 | . . . . . . . 1 . 1 . . . . . Total Hacks 65 | . 16 . 3 2 1 2 15 . 26 . . . . . Successful 40 | . 8 . 2 . 1 2 12 . 15 . . . . . Failed 25 | . 8 . 1 2 . . 3 . 11 . . . . . Catastrophic 3 | . . . . . . . 1 . 2 . . . . . Database Lockouts . | . . . . . . . . . . . . . . . Manual 44 | . 8 . . 2 . 2 11 . 15 . . . 6 . Terminals 62 | . 16 . 3 2 . 2 14 . 25 . . . . . Fabricators . | . . . . . . . . . . . . . . . Repair Stations . | . . . . . . . . . . . . . . . Recycling Units . | . . . . . . . . . . . . . . . Scanalyzers . | . . . . . . . . . . . . . . . Garrison Access 2 | . . . . . . . 1 . 1 . . . . . Terminal Hacks 29 | . 8 . 2 . 1 2 7 . 9 . . . . . Record 1 | . . . . . 1 . . . . . . . . . Prototype ID Bank 1 | . . . . . . . 1 . . . . . . . Branch Access Points 2 | . . . . . . . 1 . 1 . . . . . Garrison Index 1 | . . . . . . . . . 1 . . . . . Unreport Threat 19 | . 5 . 2 . . 2 4 . 6 . . . . . Locate Traps 1 | . 1 . . . . . . . . . . . . . Reprogram Traps 1 | . . . . . . . 1 . . . . . . . Dispatch Records 1 | . 1 . . . . . . . . . . . . . Recall Reinforcements 1 | . . . . . . . . . 1 . . . . . Registered Prototypes 1 | . 1 . . . . . . . . . . . . . Fabricator Hacks . | . . . . . . . . . . . . . . . Repair Station Hacks . | . . . . . . . . . . . . . . . Recycling Unit Hacks . | . . . . . . . . . . . . . . . Scanalyzer . | . . . . . . . . . . . . . . . Garrison Access Hacks 2 | . . . . . . . 1 . 1 . . . . . Unlock Access 1 | . . . . . . . 1 . . . . . . . Seal Access 1 | . . . . . . . . . 1 . . . . . Unauthorized Hacks 9 | . . . . . . . 4 . 5 . . . . . Terminals 9 | . . . . . . . 4 . 5 . . . . . Botnet 9 | . . . . . . . 4 . 5 . . . . . Fabricators . | . . . . . . . . . . . . . . . Repair Stations . | . . . . . . . . . . . . . . . Recycling Units . | . . . . . . . . . . . . . . . Scanalyzers . | . . . . . . . . . . . . . . . Garrison Access . | . . . . . . . . . . . . . . . Data Cores Recovered . | . . . . . . . . . . . . . . . Used . | . . . . . . . . . . . . . . . Hacking Detections 18 | . 3 . 1 1 . 1 4 . 8 . . . . . Full Trace Events 7 | . 1 . . . . . 2 . 4 . . . . . Feedback Events 1 | . . . . . . . 1 . . . . . . . Corruption 1 | . . . . . . . 1 . . . . . . . Feedback Blocked . | . . . . . . . . . . . . . . . Robot Schematics Acquired 1 | . . . . . . . . . . . . . 1 . Robots Built . | . . . . . . . . . . . . . . . Authchips . | . . . . . . . . . . . . . . . Time . | . . . . . . . . . . . . . . . Total Robot Build Rating . | . . . . . . . . . . . . . . . Part Schematics Acquired 16 | . . . . . . . . . . . . . 16 . Parts Built . | . . . . . . . . . . . . . . . Authchips . | . . . . . . . . . . . . . . . Time . | . . . . . . . . . . . . . . . Total Part Build Rating . | . . . . . . . . . . . . . . . Parts Repaired . | . . . . . . . . . . . . . . . Time . | . . . . . . . . . . . . . . . Parts Recycled . | . . . . . . . . . . . . . . . Recycled Matter . | . . . . . . . . . . . . . . . Retrieved Matter . | . . . . . . . . . . . . . . . Retrieved Components . | . . . . . . . . . . . . . . . Parts Scanalyzed . | . . . . . . . . . . . . . . . Part Schematics Acquired . | . . . . . . . . . . . . . . . Parts Damaged . | . . . . . . . . . . . . . . . Bothacking | -11 -10 -10 -9 -9 -9 -8 -8 -8 -8 -7 -7 -7 -7 -7 ------------ Run | Scr Mat Min Mat Min Exi Min Mat Gar Mat Fac Low Low Zio Dee Used RIF Installer . | . . . . . . . . . . . . . . . Robots Hacked . | . . . . . . . . . . . . . . . Non-combat . | . . . . . . . . . . . . . . . Combat . | . . . . . . . . . . . . . . . Robot Hacks Applied . | . . . . . . . . . . . . . . . Relay Couplers Released 8 | . . . . . . . . 8 . . . . . . Machine Destruction 8 | . . . . . . . . 8 . . . . . . Fabnet Peak Effective % . | . . . . . . . . . . . . . . . Robots Rewired . | . . . . . . . . . . . . . . . Allies Hacked . | . . . . . . . . . . . . . . . Hacks Repelled . | . . . . . . . . . . . . . . . Allies | -11 -10 -10 -9 -9 -9 -8 -8 -8 -8 -7 -7 -7 -7 -7 -------- Run | Scr Mat Min Mat Min Exi Min Mat Gar Mat Fac Low Low Zio Dee Total Allies 9 | . . . . 6 . . . . . . . . 2 1 Largest Group 5 | . . . . 5 4 3 1 . . . . . 2 1 Highest-Rated Group 192 | . . . . 85 54 40 16 . . . . . 192 119 Highest-Rated Ally 119 | . . . . 31 16 16 16 . . . . . 96 119 Total Orders . | . . . . . . . . . . . . . . . Ally Attacks 80 | . . . . 18 . 2 23 . . . . . 12 25 Total Damage 2219 | . . . . 251 . 30 276 . . . . . 375 1287 Kills 17 | . . . . 1 . 2 3 . . . . . 2 9 Allies Corrupted 1 | . . . . . . . . . . . . . 1 . Allies Melted 1 | . . . . . . . . . . . . . 1 . Intel | -11 -10 -10 -9 -9 -9 -8 -8 -8 -8 -7 -7 -7 -7 -7 ------- Run | Scr Mat Min Mat Min Exi Min Mat Gar Mat Fac Low Low Zio Dee Robot Analysis Total . | . . . . . . . . . . . . . . . Derelict Logs Recovered 6 | . . . . 1 . . . . . . 3 1 1 . Drone Launches . | . . . . . . . . . . . . . . . Drone Recoveries . | . . . . . . . . . . . . . . . Exploration | -11 -10 -10 -9 -9 -9 -8 -8 -8 -8 -7 -7 -7 -7 -7 ------------- Run | Scr Mat Min Mat Min Exi Min Mat Gar Mat Fac Low Low Zio Dee Turns Passed 11772 | 109 532 526 309 498 567 570 882 1369 1392 261 599 356 2510 1292 Spaces Moved 8163 | 60 390 380 214 367 395 399 530 1040 937 230 429 300 1616 876 Core 34 | 6 . . . . . . . . . . . . 28 . Treads . | . . . . . . . . . . . . . . . Legs 8129 | 54 390 380 214 367 395 399 530 1040 937 230 429 300 1588 876 Wheels . | . . . . . . . . . . . . . . . Hover . | . . . . . . . . . . . . . . . Flight . | . . . . . . . . . . . . . . . Fastest Speed 50 | 50 120 120 120 120 120 120 112 112 112 112 112 112 50 110 Average Speed 115 | 113 120 120 120 120 120 121 118 112 112 112 112 112 114 113 Slowest Speed 260 | 120 120 120 120 120 120 122 122 112 112 112 112 112 260 114 Overloaded Moves . | . . . . . . . . . . . . . . . Propulsion Burnouts . | . . . . . . . . . . . . . . . Robots Hopped . | . . . . . . . . . . . . . . . Cave-ins Triggered . | . . . . . . . . . . . . . . . Exploration Rate (%) 64 | 4 87 86 26 51 89 71 52 98 86 6 72 62 89 84 Regions Visited 14 Branch Regions 8 Pre-discovered Areas 2 | . . . . 1 . . . . . . 1 . . . Known Exits Taken 13 | 1 1 1 1 1 1 1 1 . 1 1 1 1 1 . Unknown Exits Taken . | . . . . . . . . . . . . . . . Scrap Searched 19 | . . 1 . 1 . . . . . . 12 1 4 . Spaces Dug 8 | . . . . . . . . . 2 . . . 6 . Terrain Destroyed 256 | . 8 . . 1 . . 10 156 14 . 25 3 9 30 Melee 6 | . . . . . . . . . . . . . 6 . Projectile 75 | . . . . 1 . . 10 . 14 . 25 3 3 19 AOE 175 | . 8 . . . . . . 156 . . . . . 11 Terrain Rammed . | . . . . . . . . . . . . . . . Walls Destroyed . | . . . . . . . . . . . . . . . Machines Disabled . | . . . . . . . . . . . . . . . Actions | -11 -10 -10 -9 -9 -9 -8 -8 -8 -8 -7 -7 -7 -7 -7 --------- Run | Scr Mat Min Mat Min Exi Min Mat Gar Mat Fac Low Low Zio Dee Total 9626 | 79 423 407 240 400 486 468 662 1135 1121 233 482 308 2121 1061 Wait 634 | . . . . 4 91 42 22 8 62 . 1 . 365 39 Move 8150 | 60 389 379 213 366 394 398 529 1039 936 229 428 299 1615 876 Hop . | . . . . . . . . . . . . . . . Pick Up 21 | . 3 . . . . . 3 2 2 . 1 . 5 5 Fast Attach 81 | 8 2 1 5 . . 2 10 . 6 2 2 . 31 12 Attach 6 | . 2 . . . . 1 1 . . . . . 1 1 Detach 16 | . 4 . 2 . . 3 5 . 1 . . . 1 . Swap 10 | . 1 . 2 1 . . 2 . . . . . 1 3 Drop 70 | . 5 . 3 1 . 2 9 3 6 2 2 . 16 21 Fire 426 | 11 17 21 12 12 1 8 62 55 79 . 33 6 49 60 Melee 27 | . . . . . . . . . . . . . 26 1 Ram . | . . . . . . . . . . . . . . . Kick 16 | . . . 3 2 . 4 . 1 5 . . 1 . . Crush . | . . . . . . . . . . . . . . . Escape Stasis 5 | . . . . . . . . 5 . . . . . . Rewire 1 | . . . . . . 1 . . . . . . . . Trap . | . . . . . . . . . . . . . . . Miscellaneous 163 | . . 6 . 14 . 7 19 22 24 . 15 2 11 43 Route ------- -11/Scrapyard -10/Materials (discovered 4 exits: *Mat x3 / *Min) -10/Mines (discovered 2 exits: *Mat x2) -9/Materials -9/Mines -9/Exiles -8/Mines (discovered 2 exits: *Mat x2) -8/Materials (discovered 2 exits: *Fac / Gar) -8/Garrison (discovered 3 exits: *Mat x3) -8/Materials (discovered 3 exits: *Fac x3) -7/Factory (discovered 2 exits: *Sto / *Low) -7/Lower Caves -7/Lower Caves -7/Zion (discovered 2 exits: *Dee / *Pro) -7/Deep Caves (discovered 1 exit: *Pro) History --------- Turn | Location | Event 4 | -11/Scrapyard | Identified exit to Materials 4 | -11/Scrapyard | Discovered exit to Materials (range 16) 10 | -11/Scrapyard | Upgraded with Propulsion slot (x1) 10 | -11/Scrapyard | Upgraded with Utility slot (x2) 10 | -11/Scrapyard | Upgraded with Weapon slot (x1) 110 | -11/Scrapyard | Entered Materials 202 | -10/Materials | Identified exit to Mines 202 | -10/Materials | Discovered exit to Mines (range 16) 294 | -10/Materials | Identified exit to Materials 294 | -10/Materials | Discovered exit to Materials (range 9) 304 | -10/Materials | Build established: Hacker-Skirmisher 390 | -10/Materials | Discovered exit to Materials (range 13) 484 | -10/Materials | Discovered exit to Materials (range 3) 642 | -10/Materials | Entered Mines 653 | -10/Mines | Met a Derelict bent on vengeance 664 | -10/Mines | Reached level 2 665 | -10/Mines | Discovered exit to Materials (range 15) 678 | -10/Mines | Upgraded with Propulsion slot (x1) 1127 | -10/Mines | Discovered exit to Materials (range 3) 1138 | -10/Mines | Assembled infested the area 1168 | -10/Mines | Entered Materials 1170 | -9/Materials | Reached level 3 1170 | -9/Materials | Reached level 4 1172 | -9/Materials | Upgraded with Utility slot (x1) 1213 | -9/Materials | Upgraded with Propulsion slot (x1) 1378 | -9/Materials | Identified exit to Mines 1378 | -9/Materials | Discovered exit to Mines (range 16) 1477 | -9/Materials | Entered Mines 1480 | -9/Mines | Received a Mining Laser from a helpful Derelict 1518 | -9/Mines | Learned location of Storage (-7) 1525 | -9/Mines | Reached level 5 1634 | -9/Mines | Assisted by bots powering up and referring to "LRC-V3" 1900 | -9/Mines | Identified exit to Exiles 1900 | -9/Mines | Discovered exit to Exiles (range 13) 1964 | -9/Mines | Deemed a non-threat by the Exiles lab entrance 1975 | -9/Mines | Entered Exiles 1975 | -9/Exiles | Found Exiles lab abandoned 1975 | -9/Exiles | Accompanied by 4 allies 2440 | -9/Exiles | Identified exit to Mines 2440 | -9/Exiles | Discovered exit to Mines (range 10) 2542 | -9/Exiles | Entered Mines 2542 | -8/Mines | Accompanied by 3 allies 2544 | -8/Mines | Reached level 6 2574 | -8/Mines | Identified exit to Materials 2574 | -8/Mines | Discovered exit to Materials (range 10) 2945 | -8/Mines | Discovered exit to Materials (range 15) 3112 | -8/Mines | Entered Materials 3112 | -8/Materials | Accompanied by 1 ally 3114 | -8/Materials | Reached level 7 3114 | -8/Materials | Reached level 8 3215 | -8/Materials | Upgraded with Power slot (x1) 3398 | -8/Materials | Upgraded with Utility slot (x1) 3426 | -8/Materials | Identified exit to Factory 3426 | -8/Materials | Discovered exit to Factory (range 13) 3500 | -8/Materials | Upgraded with Utility slot (x1) 3525 | -8/Materials | Reached level 9 3784 | -8/Materials | Build established: Scavenger-Skirmisher 3826 | -8/Materials | Upgraded with Power slot (x1) 3923 | -8/Materials | Reached level 10 3926 | -8/Materials | Upgraded with Utility slot (x1) 3992 | -8/Materials | Identified exit to Garrison 3994 | -8/Materials | Entered Garrison 4028 | -8/Garrison | Triggered checkpoint 4066 | -8/Garrison | Garrison Relay disabled 4110 | -8/Garrison | Reached level 11 4114 | -8/Garrison | Triggered checkpoint 4192 | -8/Garrison | Destroyed 9 combat bots 4267 | -8/Garrison | Identified exit to Materials 4267 | -8/Garrison | Discovered exit to Materials (range 17) 4278 | -8/Garrison | Triggered checkpoint 4318 | -8/Garrison | Garrison Relay disabled 4430 | -8/Garrison | Triggered checkpoint 4473 | -8/Garrison | Discovered exit to Materials (range 11) 4518 | -8/Garrison | Triggered checkpoint 4530 | -8/Garrison | Garrison Relay disabled 4641 | -8/Garrison | Phase Generator disabled 4641 | -8/Garrison | Reached level 12 4656 | -8/Garrison | Discovered exit to Materials (range 13) 4715 | -8/Garrison | Garrison Relay disabled 4728 | -8/Garrison | Triggered checkpoint 5363 | -8/Garrison | Entered Materials 5722 | -8/Materials | Discovered exit to Factory (range 18) 6089 | -8/Materials | Reached level 13 6243 | -8/Materials | Discovered exit to Factory (range 17) 6506 | -8/Materials | Discovered exit to Factory (range 18) 6755 | -8/Materials | Entered Factory 6757 | -7/Factory | Reached level 14 6916 | -7/Factory | Identified exit to Lower Caves 6916 | -7/Factory | Discovered exit to Lower Caves (range 18) 6970 | -7/Factory | Identified exit to Storage 6970 | -7/Factory | Discovered exit to Storage (range 5) 7015 | -7/Factory | Upgraded with Utility slot (x1) 7016 | -7/Factory | Entered Lower Caves 7024 | -7/Lower Caves | Attracted the attention of an 0b10 checkpoint 7353 | -7/Lower Caves | Identified exit to Lower Caves 7561 | -7/Lower Caves | Reached level 15 7572 | -7/Lower Caves | Upgraded with Propulsion slot (x1) 7602 | -7/Lower Caves | Encountered a Warlord checkpoint 7615 | -7/Lower Caves | Entered another Lower Caves area 7861 | -7/Lower Caves | Attracted the attention of an 0b10 checkpoint 7892 | -7/Lower Caves | Encountered a Warlord checkpoint 7893 | -7/Lower Caves | Learned location of 1 exit from Factory 7927 | -7/Lower Caves | Identified exit to Zion 7927 | -7/Lower Caves | Discovered exit to Zion (range 14) 7965 | -7/Lower Caves | Attracted the attention of an 0b10 outpost 7971 | -7/Lower Caves | Entered Zion 8021 | -7/Zion | Found GAL Module 8044 | -7/Zion | Identified exit to Proximity Caves 8044 | -7/Zion | Discovered exit to Proximity Caves (range 13) 8093 | -7/Zion | Visited the Megawrench Repair Shop 8223 | -7/Zion | Given A8's code to call for help 8268 | -7/Zion | Received a visual enhancement algorithm 8720 | -7/Zion | Learned location of 1 exit from Lower Caves 8855 | -7/Zion | Found CR-A16's Pointy Stick 8914 | -7/Zion | Identified exit to Deep Caves 8914 | -7/Zion | Discovered exit to Deep Caves (range 15) 9162 | -7/Zion | Build established: Scavenger-Assassin 9404 | -7/Zion | Released all parts (17) 9835 | -7/Zion | Enhanced Grunt warped into view, answering call for help 9837 | -7/Zion | Enhanced Grunt warped into view, answering call for help 10157 | -7/Zion | Attacked by Zionites 10159 | -7/Zion | Destroyed Imprinter 10163 | -7/Zion | Extracted access codes from Imprinter's data core 10268 | -7/Zion | Build established: Scavenger-Skirmisher 10453 | -7/Zion | Opened final containment barrier to the Deep Caves 10476 | -7/Zion | Saw the warning signs outside the Deep Caves entrance 10481 | -7/Zion | Entered Deep Caves 10483 | -7/Deep Caves | Met 5H-AD0 10743 | -7/Deep Caves | Z-Facility disabled 10972 | -7/Deep Caves | Found Prototype Protection 10972 | -7/Deep Caves | Identified Zio. Heavy Carapace 11000 | -7/Deep Caves | Found Prototype Protection 11000 | -7/Deep Caves | Identified Zio. Weapon Casing 11203 | -7/Deep Caves | Build established: Generator-Skirmisher 11442 | -7/Deep Caves | Identified exit to Proximity Caves 11442 | -7/Deep Caves | Discovered exit to Proximity Caves (range 13) 11569 | -7/Deep Caves | Found Surveybot 24 Scanner 11637 | -7/Deep Caves | Spotted as-38286 11697 | -7/Deep Caves | Core integrity fell below 50% 11755 | -7/Deep Caves | Core integrity fell below 20% 11773 | -7/Deep Caves | Destroyed by as-38286 with Assembled Focal Cannon Last Messages --------------- 11755_ Acquired 2 matter. 11758_ Acquired 3 matter. 11758_ Acquired 1 matter. 11760_ Slug penetrates as-38286. 11760_ as-38286 knocked back. 11761_ Acquired 2 matter. 11761_ Acquired 6 matter. 11764_ Slug penetrates as-38286. 11765_ Acquired 6 matter. 11765_ Acquired 4 matter. 11768_ Acquired 5 matter. 11768_ Acquired 1 matter. 11771_ Acquired 3 matter. 11771_ Acquired 5 matter. 11773_ Slug penetrates as-38286. 11773_ as-38286 suffers critical hit (Blast). 11773_ Destroyed Prototype Device. 11773_ as-38286 knocked back. 11773_ Destroyed Prototype Energy Cannon. 11773_ as-38286 knocked back. Map ----- +----------------------------------------------------+ | ## ####### ## #### ###?##### ###### | | # ### #### ##### ##### | | ##### ##### ##### ###? | | #### ##### ### | | ##### ###### | | ######## ###### ########## | | ######## ## ##### ########### ###### | | ####### ### ### ##################### | | ######## #### ###################### | | * ############# ###################### | | * ################# ###################### | | ################# ####################### | | ! ################ ####################### | | ########### ####################### | | ########### #################### | | ############# ################## | | ############## ################# | | ####"######### ############### | | ### ;######### ############## | | ;;####### ############ !### | | ;;#;## ########## "# | | % % ;; ######### != ### | | #### G ####### | | #### | | "### ### | | # " # @ ############# | | ## ##### ## ;## ### ############## | | ############### ###### ##### ############### | | ################################################# | | ################################################## | | | | | | | | | | | | | | | | | | | | | | | | | | | | | | | | | | | | | | | | | +----------------------------------------------------+ Best States ------------- Heat Dissipation 79 Energy Generation 71 Energy Capacity 770 Matter Stores 500 Matter Capacity 500 Sight Range 18 Robot Scan Range 16 Terrain Scan Range 24 Terrain Scan Density 485 Armor Coverage 1200 Resistance: KI 55 Resistance: TH 40 Resistance: EX 35 Resistance: EM 50 Resistance: I 35 Resistance: S 35 Resistance: P 35 Evasion (%) 55 Targeting Accuracy 8 Kinecelleration 30 Salvage Targeting 4 Offensive Hacking 20 Item Schematics ----------------- Plasma Cannon | -7/Zion | Archive Beamcaster | -7/Zion | Archive Hvy. Rocket Launcher | -7/Zion | Archive Imp. Medium Treads | -7/Zion | Archive Mak. Leg | -7/Zion | Archive Arm. Leg | -7/Zion | Archive Gauss Cannon | -7/Zion | Archive Adv. Hacking Suite | -7/Zion | Archive Hyp. Coil Gun | -7/Zion | Archive Hvy. Riot Gun | -7/Zion | Archive Fission Core | -7/Zion | Archive Microactuators | -7/Zion | Archive Imp. System Shield | -7/Zion | Archive Mak. Armor Plating | -7/Zion | Archive Enh. Optical Array | -7/Zion | Archive Lrn. Phase Cannon | -7/Zion | Archive Robot Schematics ------------------ T-07 Excavator | -7/Zion | Archive Fabricated ------------ Nothing Alien Tech Used ----------------- None Achievements -------------- None Challenges ------------ None RPGLIKE | -11 -10 -10 -9 -9 -9 -8 -8 -8 -8 -7 -7 -7 -7 -7 --------- Run | Scr Mat Min Mat Min Exi Min Mat Gar Mat Fac Low Low Zio Dee Levels Raised 14 | . . 1 2 1 . 1 4 2 1 1 1 . . . XP Earned 28296 | 6000 935 1400 3073 1657 200 1573 4867 3160 1599 1500 1075 412 316 529 XP Spent 26920 | 5970 . 1390 2200 . 2200 860 6400 . 4050 2300 1400 . . 150 Upgrades 57 | 20 . 6 2 . 6 6 5 . 9 1 1 . . 1 Power Slot 2 | . . . . . . . 2 . . . . . . . Propulsion Slot 4 | 1 . 1 1 . . . . . . . 1 . . . Utility Slot 7 | 2 . . 1 . . . 3 . . 1 . . . . Weapon Slot 1 | 1 . . . . . . . . . . . . . . Core Integrity 4 | . . . . . . 4 . . . . . . . . Heat Dissipation 9 | 2 . 2 . . . . . . 5 . . . . . Inventory Capacity 3 | 3 . . . . . . . . . . . . . . Sight Range 2 | . . . . . 2 . . . . . . . . . Sensor Range 8 | 8 . . . . . . . . . . . . . . Terrain Scan Density 4 | 1 . 3 . . . . . . . . . . . . Ranged Accuracy 4 | 2 . . . . . . . . 2 . . . . . KI Resistance % 4 | . . . . . 4 . . . . . . . . . TH Resistance % 1 | . . . . . . . . . . . . . . 1 KI Damage % 4 | . . . . . . 2 . . 2 . . . . . Protomatter Created 1204 | . 13 30 . 90 . 50 208 151 275 . 212 20 67 88 Integrity Restored 2574 | . . 89 . 261 . 147 297 324 244 . 184 6 173 849 Core 1386 | . . 63 . 161 . 22 154 209 159 . 51 2 59 506 Parts 1188 | . . 26 . 100 . 125 143 115 85 . 133 4 114 343 Protomatter Decayed 545 | . 13 . . . . 20 50 51 122 . 108 17 101 63 Game ------ Seed CombatPointyPrototype Manual? 0 Play Time 01:13:42 Cumulative 279.7 hours Start 2022.06.30 @ 14:43:40 End 2022.06.30 @ 16:27:04 Sessions 1 Manual Loads 0 Difficulty Explorer Special Mode Winter2019/RPGLIKE Game No. 97 Rogue 0 Adventurer 1 Explorer 96 Win Type - Total 19 Types 9/0/4/3/0/1/1/0/1 Lore% 88 Gallery% 88 Achievement% 76 Wizard Run 0 Options --------- ASCII 0 Keyboard 1 Movement Numpad Keybinds 0 Fullscreen 0 Font 14/Terminus Map View 76x50 Tactical HUD 1 Map Filters BRIGHTNESS(150) Filters NONE Steam 1 RUN: da858771-85ec-414a-ae63-74138396aa58